 Dungeon Crawl Stone Soup version 0.30-a0-159-g068b764562 (webtiles) character file.

Game seed: 5318473283831032246

105 ryw the Insei (level 4, -11/35 HPs)
             Began as a Demonspawn Monk on Sept 27, 2022.
             Mangled by an orc
             ... wielding a +1 hand axe of electrocution
              (12 damage)
             ... on level 3 of the Dungeon.
             The game lasted 00:06:49 (3936 turns).

ryw the Insei (Demonspawn Monk)                     Turns: 3936, Time: 00:06:50

Health: -11/35     AC:  3    Str: 13    XL:     4   Next: 54%
Magic:  4/4        EV: 12    Int: 12    God:
Gold:   116        SH:  0    Dex: 15    Spells: 3/3 levels left

rFire   . . .      SeeInvis .      - Unarmed
rCold   . . .      Faith    .    (no shield)
rNeg    . . .      Spirit   .    l - +0 leather armour
rPois   .          Reflect  .    (no helmet)
rElec   .          Harm     .    (no cloak)
rCorr   .          Rampage  .    (no gloves)
Will    .....                    (no boots)
Stlth   ++........               (no amulet)
HPRegen 0.11/turn                (no ring)
MPRegen 0.09/turn                (no ring)

@: no status effects
A: claws 1, demonic guardian 1
a: no special abilities


You were on level 3 of the Dungeon.
You visited 1 branch of the dungeon, and saw 3 of its levels.

You collected 116 gold pieces.

Inventory:

Hand Weapons
 m - a +2 hand axe of flaming
Missiles
 i - 27 stones (quivered)
Armour
 l - a +0 leather armour (worn)
Jewellery
 a - a ring of resist corrosion
 j - a ring of magical power
Scrolls
 d - 4 scrolls of identify {unknown}
 e - a scroll of teleportation {unknown}
 f - a scroll of noise {unknown}
Potions
 b - 2 potions of ambrosia
 c - 4 potions of curing {unknown}
 g - 3 potions of lignification {unknown}
 h - 2 potions of mutation {unknown}
 k - a potion of flight {unknown}


   Skills:
 - Level 3.5 Fighting
 - Level 2.6 Dodging
 - Level 1.7 Stealth
 * Level 4.5 Unarmed Combat


You had 3 spell levels left.
You didn't know any spells.
Your spell library contained the following spells:

 Spells                   Type           Power      Damage    Failure   Level
 Dazzling Flash           Conj/Hex       0%         N/A       77%         3
 Agony                    Necr           0%         N/A       100%        5
 Silence                  Hex/Air        0%         N/A       100%        5


Dungeon Overview and Level Annotations

Branches:
Dungeon (3/15)

Altars:
Yredelemnul

Annotations:
D:2 1 runed translucent door, Crazy Yiuf


Innate Abilities, Weirdness & Mutations

You have sharp fingernails.
A weak demonic guardian rushes to your aid.


Message History

The bat hits you but does no damage.
You claw the bat!
You kill the bat!
No target in view!
No target in view!
No target in view!
g - 3 fizzy black potions (gained 2)
An orc comes into view.
It is wielding a +1 hand axe of electrocution.
Throw: 28 stones
Press: ? - help, Q - select action Shift-Dir - straight line, f - orc
Aim: an orc, wielding a +1 hand axe of electrocution (wandering, hasn't noticed you, 59% to hit)
You throw a stone. The stone barely misses the orc.
The orc shouts!
You hear a shout!
The orc shouts!
You hear a shout!
You closely miss the orc.
The orc hits you with a +1 hand axe of electrocution.
You are electrocuted!!
Ouch! That really hurt!
A demonic guardian appears!
The orc misses your ufetubus.
You closely miss the orc.
Your ufetubus barely misses the orc.
Your ufetubus hits the orc but does no damage.
The orc hits your ufetubus with a +0 mace.
The orc misses you.
The orc hits your ufetubus with a +1 hand axe of electrocution.
You scratch the orc.
The orc is severely wounded.
Your ufetubus barely misses the orc. x2
The orc hits your ufetubus with a +0 mace!
Your ufetubus dies!
Your ufetubus disappears in a puff of smoke!
The orc hits you with a +1 hand axe of electrocution.
You are electrocuted!
* * * LOW HITPOINT WARNING * * *
Unknown command.
The orc attacks as you move away!
The orc hits you with a +1 hand axe of electrocution.
* * * LOW HITPOINT WARNING * * *
You are electrocuted!
You die...

.##..####..........#########.#
. #......o...................#
##.####.......###########..#
.. #.......#<........#..# o..
#######.#.........#..# ..
#o#.#########..# .
#.#............#
#o###########.##
#.@...........#
###############


You could see 2 orcs.

Vanquished Creatures
  An orc priest (D:3)
  An adder (D:2)
  4 orcs (D:3)
  9 endoplasms
  2 giant cockroaches (D:2)
  3 goblins
  3 hobgoblins
  5 jackals
  11 kobolds
  2 quokkas
  6 bats
  7 frilled lizards
  5 rats
59 creatures vanquished.

Notes
Turn   | Place    | Note
-------+----------+-------------------------------------------
     0 | D:1      | ryw the Demonspawn Monk began the quest for the Orb.
     0 | D:1      | Reached XP level 1. HP: 18/18 MP: 1/1
   137 | D:1      | Found a faded altar of an unknown god.
   323 | D:1      | Gained mutation: You have sharp fingernails. [demonic
                  | ancestry]
   323 | D:1      | Reached XP level 2. HP: 19/24 MP: 2/2
   664 | D:1      | Reached skill level 3 in Unarmed Combat
  1353 | D:2      | Gained mutation: A weak demonic guardian rushes to your
                  | aid. [demonic ancestry]
  1353 | D:2      | Reached XP level 3. HP: 29/29 MP: 3/3
  1960 | D:2      | Found a basalt altar of Yredelemnul.
  2062 | D:2      | Found a runed translucent door.
  2063 | D:2      | Noticed Crazy Yiuf
  2109 | D:2      | Reached skill level 4 in Unarmed Combat
  2722 | D:3      | Reached XP level 4. HP: 27/35 MP: 4/4
  3936 | D:3      | HP: 1/35 [orc/+1 hand axe of electrocution (3)]
  3936 | D:3      | Mangled by an orc

Illustrated notes

Levels and vault maps discovered:
D:1:      minmay_arrival_split_and_join, layout_rooms,
          chequers_ecumenical_altar_simple, minmay_3d_cube
D:2:      minmay_kobold_bridge, layout_basic, basic_altar,
          serial_park_tiny_pond, uniq_crazy_yiuf_cottage
D:3:      layout_basic, mainiacjoe_overflow_cross_hatched

Skill      XL: |  1  2  3 |
---------------+----------+-----
Unarmed Combat | 3 4 |  4.5
Fighting       | |  3.5
Dodging        | |  2.6
Stealth        | |  1.7

Action                   |  1- 3 |  4- 6 || total
-------------------------+-------+-------++-------
Melee: Unarmed           |   131 |    24 ||   155
       Punch             |     3 |       ||     3
Throw: Stone             |     2 |     3 ||     5
 Stab: Sleeping          |     8 |     1 ||     9
Armor: Robe              |    27 |       ||    27
       Leather armour    |       |     4 ||     4
Dodge: Dodged            |    65 |    12 ||    77

Table legend: (Time is in decaauts)
 A = Elapsed time spent in this place.
 B = Non-inter-level travel time spent in this place.
 C = Inter-level travel time spent in this place.
 D = Time resting spent in this place.
 E = Time spent auto-exploring this place.
 F = Levels seen in this place.
 G = Mean time per level.
                   A        B        C        D        E       F      G
               +--------+--------+--------+--------+--------+-----+--------+
         Total |   3933 |   3714 |    219 |   1059 |   2031 |   3 | 1311.0 |
       Dungeon |   3933 |   3714 |    219 |   1059 |   2031 |   3 | 1311.0 |
               +--------+--------+--------+--------+--------+-----+--------+

Top non-repeatable levels by time:
     D:2: 2096 daAuts
     D:1: 1173 daAuts
     D:3: 663 daAuts
